 Dungeon Crawl Stone Soup version 0.31-a0-355-g57cb03d3e8 (webtiles) character file.

Game seed: 15441749517969292117

116 Newt the Changeling (level 4, -12/52 HPs)
             Began as a Draconian Shapeshifter on July 24, 2023.
             Killed from afar by a kobold (23 damage)
             ... with a bolt of acid
             ... on level 4 of the Dungeon.
             The game lasted 00:02:00 (1467 turns).

Newt the Changeling (Draconian Shapeshifter)        Turns: 1467, Time: 00:02:00

Health: -12/52     AC: 22    Str: 20    XL:     4   Next: 69%
Magic:  4/4        EV:  2    Int:  8    God:
Gold:   78         SH:  7    Dex: 17    Spells: 3/3 levels left

rFire   + .          .
                       - Unarmed
rCold   . . .        f - +3 buckler
rNeg    . . .        (body armour unavailable)
rPois   +            (helmet currently unavailable)
rElec   .            (cloak currently unavailable)
rCorr   .            (gloves currently unavailable)
SInv    .            (boots currently unavailable)
Will    .....        j - amulet of regeneration
Stlth   ++           e - +6 ring of dexterity
HPRegen 1.08/turn    i - ring of protection from fire
MPRegen 0.09/turn

%: no passive effects
@: tree-form
A: stationary, stasis, torment immunity, boosted hp, AC +5, unfitting armour,
(cold-blooded)
a: no special abilities


You were on level 4 of the Dungeon.
You were a tree.
You visited 1 branch of the dungeon, and saw 3 of its levels.

You collected 78 gold pieces.

Inventory:

Missiles
 d - 5 silver boomerangs
Armour
 f - a +3 buckler (worn)
Jewellery
 e - a +6 ring of dexterity (left branch)
 i - a ring of protection from fire (right branch)
 j - an amulet of regeneration (around neck)
Talismans
 b - a beast talisman
Potions
 a - a potion of lignification
 c - a potion of mutation {unknown}
 g - a potion of curing {unknown}
 h - a potion of cancellation {unknown}
 k - a potion of invisibility {unknown}


   Skills:
 - Level 1.1 Fighting
 - Level 1.7 Dodging
 - Level 3.0 Unarmed Combat
 + Level 4.9 Shapeshifting


You had 3 spell levels left.
You didn't know any spells.
Your spell library contained the following spells:

 Spells                   Type           Power      Damage    Failure   Level
 Magic Dart               Conj           0%         1d3       50%         1
 Call Imp                 Summ           0%         N/A       63%         2
 Mephitic Cloud           Conj/Pois/Air  0%         N/A       86%         3


Dungeon Overview and Level Annotations

Branches:
Dungeon (2/15)

Altars:


Innate Abilities, Weirdness & Mutations

You are a tree.
Your roots penetrate the ground, keeping you stationary.
You cannot be teleported.
You are immune to unholy pain and torment.
Your maximum health is greatly increased.
Your equipment is partially melded.
((Your plain brown scales are hard. (AC +5)))
You cannot fit into any form of body armour.
((You are cold-blooded and may be slowed by cold attacks.))


Message History

You turn into a tree.
Your roots penetrate the ground.
You feel sick. The adder bites you.
* * * LOW HITPOINT WARNING * * *
The adder bites you but does no damage.
Unknown command.
Unknown command.
You hit the adder.
The adder is moderately wounded.
A kobold comes into view. It is wielding a +2 dagger of speed.
The adder bites you but does no damage.
Unknown command.
The kobold shouts!
You hit the adder.
The adder is severely wounded.
You feel sick.
You hear a shout!
The adder bites you but does no damage.
Unknown command.
You hit the adder.
You kill the adder!
You feel sick.
You are no longer poisoned.
The kobold throws a poisoned dart.
The poisoned dart hits you!
Unknown command.
Unknown command.
You hit the goblin.
You kill the goblin!
The kobold zaps a wand.
The bolt of acid hits you but does no damage.
The bolt of acid hits the kobold!!
The acid corrodes the kobold!
The kobold dies!
An ogre comes into view. It is wielding a +0 giant club.
You aren't carrying any items that you can evoke.
Throw: 5 boomerangs (silver)
Press: ? - help, Shift-Dir - straight line, f - kobold
Aim: a kobold, wielding a +0 dagger, quivering poisoned darts and carrying a wand of acid (47% to hit)
You throw a silver boomerang.
The silver boomerang closely misses the kobold.
The kobold zaps a wand.
The bolt of acid hits you!!
You die...

######.# #####.......
#...#.####.# #.....#
#.. #...### ### ##.##
# #####.##
#...######......###
#...)..♣K..##.....###
#..O#####..##....[...
......K....#....#.#...
..g............#.....
..........#....# #...
...#.###.......# ..
..... ...##.#....(
...# ######.###### ...
#.#


You could see an ogre and a kobold.

Vanquished Creatures
  4 gnolls (D:2)
  2 adders
  2 dart slugs
  5 bats
  8 endoplasms
  4 giant cockroaches
  3 goblins
  2 hobgoblins (D:1)
  4 jackals (D:1)
  5 kobolds
  4 ball pythons
  5 frilled lizards
  4 rats
52 creatures vanquished.

Vanquished Creatures (others)
  A kobold (D:4)
1 creature vanquished.

Grand Total: 53 creatures vanquished

Notes
Turn   | Place    | Note
-------+----------+-------------------------------------------
     0 | D:1      | Newt the Draconian Shapeshifter began the quest for the
                  | Orb.
     0 | D:1      | Reached XP level 1. HP: 16/16 MP: 1/1
    54 | D:1      | Reached XP level 2. HP: 10/23 MP: 2/2
   678 | D:1      | Reached XP level 3. HP: 16/28 MP: 3/3
   804 | D:1      | Reached skill level 4 in Shapeshifting
  1129 | D:2      | Found a faded altar of an unknown god.
  1219 | D:2      | Reached XP level 4. HP: 24/35 MP: 4/4
  1428 | D:2      | You fall into a shaft and drop 2 floors!
  1466 | D:4      | Noticed an ogre
  1467 | D:4      | Killed from afar by a kobold

Illustrated notes

Levels and vault maps discovered:
D:1:      roderic_dead_forest, layout_basic
D:2:      layout_loops_cross, basic_ecumenical_altar
D:4:      layout_loops_cross, serial_shops, shop

Skill      XL: |  1  2  3 |
---------------+----------+-----
Shapeshifting  | 4 |  4.9
Fighting       | |  1.1
Dodging        | |  1.7
Unarmed Combat | |  3.0

Action                     |  1- 3 |  4- 6 || total
---------------------------+-------+-------++-------
  Melee: Unarmed           |    88 |    37 ||   125
         Tailslap          |    11 |     6 ||    17
         Punch             |     1 |       ||     1
  Throw: Boomerang         |       |     1 ||     1
    Use: Scroll            |     3 |     1 ||     4
         Potion            |       |     1 ||     1
   Stab: Sleeping          |     1 |       ||     1
 Armour: Skin              |    19 |    13 ||    32
  Dodge: Dodged            |    55 |    18 ||    73
  Block: Buckler           |    16 |     9 ||    25
         Form:             |     1 |       ||     1
         Beast             |     1 |       ||     1

Table legend: (Time is in decaauts)
 A = Elapsed time spent in this place.
 B = Non-inter-level travel time spent in this place.
 C = Inter-level travel time spent in this place.
 D = Time resting spent in this place.
 E = Time spent auto-exploring this place.
 F = Levels seen in this place.
 G = Mean time per level.
                   A        B        C        D        E       F      G
               +--------+--------+--------+--------+--------+-----+--------+
         Total |   1465 |   1431 |     34 |    247 |    860 |   3 |  488.3 |
       Dungeon |   1465 |   1431 |     34 |    247 |    860 |   3 |  488.3 |
               +--------+--------+--------+--------+--------+-----+--------+

Top non-repeatable levels by time:
     D:1: 902 daAuts
     D:2: 524 daAuts
     D:4: 38 daAuts
